 Dungeon Crawl Stone Soup version 0.30-a0-135-g630cfc4551 (webtiles) character file.

Game seed: 4073045926086685815

3070 donath the Basher (level 9, -7/77 HPs)
             Began as a Black Draconian Transmuter on Sept 21, 2022.
             Was an Initiate of Gozag.
             Killed from afar by a steam dragon (36 damage)
             ... with a ball of steam
             ... on level 8 of the Dungeon.
             The game lasted 00:56:12 (7918 turns).

donath the Basher (Black Draconian Transmuter)      Turns: 7918, Time: 00:56:20

Health: -7/77      AC: 10    Str: 13    XL:     9   Next: 58%
Magic:  13/13      EV: 12    Int: 19    God:    Gozag
Gold:   399        SH:  0    Dex: 12    Spells: 8/14 levels left

rFire   x . .      SeeInvis .    a - +5 flail of Contradiction {distort, rPois}
rCold   + . .      Faith    .    (no shield)
rNeg    . . .      Spirit   .    (body armour unavailable)
rPois   +          Reflect  .    (helmet restricted)
rElec   +          Harm     .    (no cloak)
rCorr   .          Rampage  .    F - +2 pair of gloves "Huck" {rF- rC+ Int+2}
Will    .....                    (no boots)
Stlth   ++........               (no amulet)
HPRegen 0.22/turn                s - ring of flight
MPRegen 0.13/turn                (no ring)

@: short of breath, wereblooded, flying, unable to read
A: breathe lightning, AC +7, unfitting armour, electricity resistance,
cold-blooded, horns 1, poison resistance, inability to read after injury 1,
MP-powered wands
a: Breathe Lightning, Renounce Religion, Potion Petition, Call Merchant, Bribe
Branch


You were on level 8 of the Dungeon.
You worshipped Gozag.
Gozag was aware of your devotion.
You visited 2 branches of the dungeon, and saw 9 of its levels.

You collected 477 gold pieces.
You paid 78 gold pieces to Gozag.

Inventory:

Hand Weapons
 a - the +5 flail of Contradiction (weapon) {distort, rPois}
   (You found it on level 5 of the Dungeon)

   It warps and distorts space around it, and may blink, banish, or inflict
   extra damage upon those it strikes.
   Unwielding it can cause banishment or high damage.
   rPois:     It protects you from poison.
 b - a +0 sling
 g - a +0 flail
 n - a +0 dagger of protection
 v - a +2 dagger of holy wrath
 y - a +0 war axe
 C - a +0 dagger of speed
 E - a +1 whip of venom
 N - a +1 spear
Missiles
 p - 74 stones (quivered)
 u - 5 boomerangs
 w - 8 poisoned darts
 A - 3 atropa-tipped darts
 M - 4 curare-tipped darts
Armour
 f - a +0 tower shield
 D - a scarf of harm
 F - the +2 pair of gloves "Huck" (worn) {rF- rC+ Int+2}
   (You found it on level 7 of the Dungeon)

   Int:       It affects your intelligence (+2).
   rF:        It makes you vulnerable to fire.
   rC:        It protects you from cold.
Jewellery
 s - a ring of flight (left hand)
Wands
 I - a wand of iceblast (8)
 J - a wand of mindburst (16)
Scrolls
 e - a scroll of enchant weapon {unknown}
 m - 9 scrolls of identify
 o - 2 scrolls of teleportation
 x - a scroll of immolation {unknown}
 z - 3 scrolls of poison {unknown}
 G - a scroll of torment {unknown}
 L - a scroll of enchant armour {unknown}
Potions
 c - 2 potions of magic {unknown}
 d - a potion of haste {unknown}
 h - 4 potions of lignification
 i - 6 potions of curing
 j - a potion of invisibility {unknown}
 l - 4 potions of might {unknown}
 q - a potion of degeneration {unknown}
 r - a potion of flight {unknown}
 t - 3 potions of mutation
 B - a potion of attraction {unknown}
 H - 2 potions of heal wounds {unknown}
 K - a potion of cancellation {unknown}


   Skills:
 + Level 6.3 Fighting
 - Level 0.2 Short Blades
 - Level 8.0 Maces & Flails
 - Level 0.2 Ranged Weapons
 - Level 2.0 Throwing
 - Level 2.0 Dodging
 + Level 2.4 Stealth
 - Level 5.0 Unarmed Combat
 - Level 3.0 Spellcasting
 - Level 6.0 Transmutations
 + Level 0.6 Ice Magic
 - Level 3.0 Poison Magic


You had 8 spell levels left.
You knew the following spells:

 Your Spells              Type           Power      Damage    Failure   Level
a - Beastly Appendage     Tmut           50%        N/A       1%          1
b - Wereblood             Tmut           25%        N/A       1%          2
c - Spider Form           Tmut/Pois      19%        N/A       7%          3

Your spell library contained the following spells:

 Spells                   Type           Power      Damage    Failure   Level
 Ice Form                 Ice/Tmut       15%        N/A       36%         4
 Dazzling Flash           Conj/Hex       4%         N/A       41%         3
 Iskenderun's Mystic Bla  Conj/Tloc      2%         2d3       83%         4
 Eringya's Noxious Bog    Tmut/Pois      9%         N/A       98%         6
 Summon Forest            Summ/Tloc      1%         N/A       99%         5
 Summon Mana Viper        Hex/Summ       2%         N/A       99%         5
 Starburst                Conj/Fire      1%         6d3       100%        6
 Summon Cactus Giant      Summ           1%         N/A       100%        6
 Summon Hydra             Summ           1%         N/A       100%        7


Dungeon Overview and Level Annotations

Branches:
Dungeon (8/15)             Temple (1/1) D:6
   Lair: D:8-11

Altars:
Ashenzari
Cheibriados
Dithmenos
Elyvilon
Fedhas
Gozag
Hepliaklqana
Kikubaaqudgha
Makhleb
Nemelex Xobeh
Okawaru
Qazlal
Ru
Sif Muna
Trog
Uskayaw
Vehumet
Wu Jian
Xom
Yredelemnul
Zin
The Shining One

Shops:
D:4 ((   D:6 *

Annotations:
D:6 3 runed translucent doors, Jeffwins's ghost, novice HuWn


Innate Abilities, Weirdness & Mutations

You can breathe wild blasts of lightning.
Your glossy black scales are hard. (AC +7)
You cannot fit into any form of body armour.
You are resistant to electric shocks. (rElec)
You are cold-blooded and may be slowed by cold attacks.
You have a pair of small horns on your head.
Your system is resistant to poisons. (rPois)
You occasionally lose the ability to read scrolls when taking damage.
You expend magic power (3 MP) to strengthen your wands.


Message History

Okay, then.
You now have 399 gold pieces (gained 12).
You are engulfed in a cloud of scalding steam.
You are engulfed in a cloud of scalding steam.
Things that are here:
6 gold pieces; a +0 halberd Activating: Breathe Lightning (4% risk of failure)
Press: ? - help, Dir - look around, f - activate You breathe a wild blast of lightning!
You hear a mighty clap of thunder!
The orb of electricity explodes!
You are engulfed in a cloud of scalding steam.
* * * LOW HITPOINT WARNING * * *
You hear a shout!
Okay, then.
It was a potion of curing.
You feel better.
Your talons disappear.
The steam dragon bites you.
The steam dragon claws you but does no damage.
You sock the steam dragon!
The steam dragon is moderately wounded.
The steam dragon bites you but does no damage.
The steam dragon barely misses you.
You hit the steam dragon but do no damage.
Space warps horribly around the steam dragon!
Your tail-slap misses the steam dragon.
The steam dragon is almost dead.
The steam dragon bites you but does no damage.
The steam dragon claws you but does no damage.
You hit the steam dragon but do no damage.
Your headbutt misses the steam dragon.
The steam dragon is almost dead.
The steam dragon misses you. The steam dragon closely misses you.
You barely miss the steam dragon.
The steam dragon is almost dead.
The steam dragon breathes steam at you. The ball of steam hits you!!!
The steam scalds you terribly!
You feel threatened and lose the ability to read scrolls!
You die...
Your body crumbles into a pile of gold.

.......... #.........
#......... #. .........
#..#### .........
#......###........
.###...##.[.....#
#....<..@D.......#
#############...#)#####.##
.<)......# #####.#
###.####.# #.)# #.# #.#
#.## #.# #.# #.# #.# #.#
#.# #.# #.# #.# #.# #.#
#.#


You could see a steam dragon (catching breath).

Vanquished Creatures
  A steam dragon (D:7)
  Eustachio (D:5)
  2 water moccasins (D:5)
  2 ice beasts
  An orc warrior (D:6)
  2 ogres (D:5)
  A centaur (D:3)
  2 phantoms
  2 bullfrogs
  Blork the orc (D:4)
  6 scorpions
  4 wights (D:7)
  3 killer bees (D:7)
  4 hounds
  2 jellies
  5 orc priests
  6 iguanas
  7 orc wizards
  8 adders
  16 gnolls
  3 dart slugs
  33 orcs
  6 ball pythons
  6 bats
  3 endoplasms
  6 giant cockroaches
  22 goblins
  11 hobgoblins
  2 jackals (D:3)
  5 quokkas
  2 frilled lizards (D:2)
  21 kobolds
  5 rats
201 creatures vanquished.

Vanquished Creatures (others)
  17 plants (D:5)
17 creatures vanquished.

Grand Total: 218 creatures vanquished

Notes
Turn   | Place    | Note
-------+----------+-------------------------------------------
     0 | D:1      | donath the Draconian Transmuter began the quest for the
                  | Orb.
     0 | D:1      | Reached XP level 1. HP: 16/16 MP: 3/3
   241 | D:1      | Reached XP level 2. HP: 23/23 MP: 3/5
   633 | D:1      | Found a faded altar of an unknown god.
  1135 | D:1      | Reached XP level 3. HP: 29/29 MP: 6/6
  1138 | D:1      | Learned a level 2 spell: Wereblood
  1641 | D:2      | Reached XP level 4. HP: 25/37 MP: 5/7
  2039 | D:3      | Found a hide-covered altar of Uskayaw.
  2039 | D:3      | Found a basalt altar of Yredelemnul.
  2285 | D:3      | Noticed a centaur
  2299 | D:3      | Killed a centaur
  2300 | D:3      | Reached skill level 1 in Maces & Flails
  2300 | D:3      | Reached XP level 5. HP: 17/42 MP: 8/8
  2646 | D:4      | Reached skill level 2 in Maces & Flails
  2646 | D:4      | Reached skill level 1 in Throwing
  2646 | D:4      | Reached XP level 6. HP: 27/51 MP: 7/9
  2807 | D:4      | Learned a level 3 spell: Spider Form
  2840 | D:4      | Found Neceph's Antique Weapon Emporium.
  2849 | D:4      | Reached skill level 1 in Poison Magic
  3335 | D:4      | Reached skill level 3 in Maces & Flails
  3383 | D:4      | Found Fudam's Weapon Shop.
  3391 | D:4      | Your scales start taking on a glossy black colour.
  3391 | D:4      | Reached XP level 7. HP: 57/58 MP: 6/10
  3391 | D:4      | Gained mutation: You are resistant to electric shocks.
                  | (rElec) [Black Draconian growth]
  3584 | D:4      | Noticed Blork the orc
  3591 | D:4      | Killed Blork the orc
  4033 | D:5      | Entered Level 5 of the Dungeon
  4061 | D:4      | Gained mutation: You occasionally lose the ability to read
                  | scrolls when taking damage. [potion of mutation]
  4061 | D:4      | Gained mutation: Your spells are a little easier to cast,
                  | but a little less powerful. [potion of mutation]
  4061 | D:4      | Gained mutation: You are covered in fur. (AC +1) [potion of
                  | mutation]
  4062 | D:4      | Lost mutation: You are covered in fur. (AC +1) [potion of
                  | mutation]
  4062 | D:4      | Lost mutation: Your spells are a little easier to cast, but
                  | a little less powerful. [potion of mutation]
  4062 | D:4      | Gained mutation: Your system is resistant to poisons.
                  | (rPois) [potion of mutation]
  4062 | D:4      | Gained mutation: You expend magic power (3 MP) to
                  | strengthen your wands. [potion of mutation]
  4062 | D:4      | Gained mutation: You have a pair of small horns on your
                  | head. [potion of mutation]
  4095 | D:5      | Reached skill level 5 in Fighting
  4095 | D:5      | Reached skill level 4 in Maces & Flails
  4403 | D:5      | Reached skill level 1 in Stealth
  4830 | D:5      | Reached XP level 8. HP: 68/70 MP: 8/11
  5179 | D:5      | Noticed Eustachio
  5208 | D:5      | Killed Eustachio
  5255 | D:5      | Identified the +5 flail of Contradiction {distort, rPois}
  5856 | D:6      | Found a runed translucent gate.
  5856 | D:6      | Found a runed translucent gate.
  5856 | D:6      | Found a runed translucent gate.
  5856 | D:6      | Noticed Jeffwins's ghost (novice HuWn)
  5899 | D:6      | Reached skill level 5 in Maces & Flails
  5930 | D:6      | Found Zonuky's Elemental Accessories.
  5980 | D:6      | Reached skill level 5 in Transmutations
  6152 | D:6      | Found a staircase to the Ecumenical Temple.
  6163 | D:6      | Reached XP level 9. HP: 74/75 MP: 10/13
  6176 | D:6      | Reached skill level 6 in Maces & Flails
  6437 | Temple   | Entered the Ecumenical Temple
  6520 | Temple   | Became a worshipper of Gozag Ym Sagoz the Greedy
  6696 | D:7      | Reached skill level 5 in Unarmed Combat
  6697 | D:7      | Reached skill level 7 in Maces & Flails
  6902 | D:7      | Identified the +2 pair of gloves "Huck" {rF- rC+ Int+2}
  7283 | D:7      | Reached skill level 8 in Maces & Flails
  7861 | D:8      | Found a hazy altar of Hepliaklqana.
  7918 | D:8      | Killed from afar by a steam dragon

Illustrated notes

Levels and vault maps discovered:
D:1:      dpeg_arrival_rooms_b, layout_basic,
          shapermc_ecumenical_altar_notcrosses
D:2:      layout_rooms
D:3:      layout_basic, mainiacjoe_overflow_catwalk_spiral
D:4:      corexii_shantytown, layout_basic, serial_shops, shop,
          kennysheep_mini_moat, solitary_fountain, uniq_blork_the_orc
D:5:      layout_basic, wad_woods_river_04, uniq_eustachio
D:6:      layout_gridville, minmay_temple_entry_ruins,
          gammafunk_ghost_necromancy, nicolae_elemental_shop
D:7:      layout_basic
D:8:      layout_loops_ring, worldfamousw_hep_ancestral_shrine,
          kennysheep_just_a_vault, uniq_joseph
Temple:   hellmonk_temple_of_storms

Skill      XL: |  1  2  3  4  5  6  7  8  9 |
---------------+----------------------------+-----
Fighting       | 2 3 5 6 |  6.3
Unarmed Combat | 4 5 |  5.0
Maces & Flails | 1 2 3 4 5 8 |  8.0
Dodging        | 2 |  2.0
Transmutations | 3 4 5 6 |  6.0
Throwing       | 1 2 |  2.0
Poison Magic   | 1 2 3 |  3.0
Stealth        | 1 2 |  2.4
Spellcasting   | 3 |  3.0
Short Blades   | |  0.2
Ranged Weapons | |  0.2
Ice Magic      | |  0.6

Action                   |  1- 3 |  4- 6 |  7- 9 || total
-------------------------+-------+-------+-------++-------
Melee: Unarmed           |    24 |       |    12 ||    36
       Headbutt          |     9 |    11 |    42 ||    62
       Kick              |    16 |    33 |    52 ||   101
       Punch             |     2 |     2 |     6 ||    10
       Whip              |    44 |    85 |   190 ||   319
       Dagger            |    26 |    32 |     3 ||    61
       Tailslap          |     9 |    10 |    37 ||    56
       Flail             |       |       |   125 ||   125
 Fire: Sling             |       |    15 |     2 ||    17
Throw: Stone             |     3 |     4 |     7 ||    14
       Dart              |       |     4 |     2 ||     6
 Cast: Beastly Appendage |    25 |    17 |    26 ||    68
       Wereblood         |     4 |    11 |    16 ||    31
       Spider Form       |       |       |     2 ||     2
 Abil: Breathe Lightning |       |       |     5 ||     5
       End Transformatio |       |       |     1 ||     1
  Use: Potion            |       |     1 |     4 ||     5
       Scroll            |       |       |     5 ||     5
 Stab: Distracted        |       |       |     2 ||     2
       Sleeping          |       |       |     1 ||     1
Armor: Skin              |    20 |    41 |    93 ||   154
Dodge: Dodged            |    54 |    91 |   131 ||   276

Table legend: (Time is in decaauts)
 A = Elapsed time spent in this place.
 B = Non-inter-level travel time spent in this place.
 C = Inter-level travel time spent in this place.
 D = Time resting spent in this place.
 E = Time spent auto-exploring this place.
 F = Levels seen in this place.
 G = Mean time per level.
                   A        B        C        D        E       F      G
               +--------+--------+--------+--------+--------+-----+--------+
         Total |   7911 |   7687 |    224 |    464 |   4624 |   9 |  879.0 |
       Dungeon |   7807 |   7604 |    203 |    464 |   4606 |   8 |  975.9 |
        Temple |    104 |     83 |     21 |      0 |     18 |   1 |  104.0 |
               +--------+--------+--------+--------+--------+-----+--------+

Top non-repeatable levels by time:
     D:5: 1625 daAuts
     D:4: 1540 daAuts
     D:7: 1233 daAuts
     D:1: 1190 daAuts
     D:3: 885 daAuts
     D:6: 616 daAuts
     D:2: 596 daAuts
     D:8: 118 daAuts
  Temple: 104 daAuts
